AoeStats
← Fugi

Arabia

510183553Analyzed
3v3 RM · 1d ago on Sep 29, 2026· 22m 16s· 6 players
Game mode
Random Map
Map size
Normal (6 player)
Population
200
Speed
Normal
Resources
Standard
Victory
Conquest
Starting age
Dark Age
Ending age
Imperial Age
RankedLock teamsTeams togetherTeam positionsShared explorationLock speedFull tech treeHidden civsTurbo modeCheats
Victory
Defeat
🇪🇸 Vietnamese · Spain
1433
+16
🇪🇸 Franks · Spain
1388
+18
🇪🇸 Maya · Spain
1332
+21
🇺🇸 Ethiopians · United States
1455
-19
🇩🇪 Varangians · Germany
1450
-19
🇬🇧 Persians · United Kingdom
1396
-17
Fugi
7:23 Loom
9:32 Feudal Age
10:15 Double-Bit Axe
20:32 Scale Barding Armor
21:32 Forging
JayJotaOfficial
5:05 Loom
9:44 Feudal Age
10:47 Double-Bit Axe
12:04 Fletching
16:30 Double-Bit Axe
23:43 Castle Age
21:39 Horse Collar
22:39 Padded Archer Armor
Hercules
0:27 Loom
9:12 Feudal Age
9:49 Double-Bit Axe
17:03 Fletching
18:12 Padded Archer Armor
22:44 Castle Age
21:01 Gold Mining
Flyingsheep78
6:44 Loom
9:57 Feudal Age
12:38 Double-Bit Axe
18:45 Fletching
20:30 Padded Archer Armor
yaniversary
8:37 Feudal Age
9:20 Double-Bit Axe
9:51 Loom
9:55 Loom
9:56 Horse Collar
14:10 Bloodlines
16:10 Forging
17:27 Scale Barding Armor
Sunbather
5:54 Loom
6:11 Loom
9:18 Feudal Age
9:47 Double-Bit Axe
9:49 Horse Collar
11:53 Town Watch
Connection lost

Rejoining the realm…

Still unreachable

The connection could not be restored.

Session expired

The server has moved on; the page needs a fresh start.